 Dungeon Crawl Stone Soup version 0.30-a0-377-g5cb311bc9f (webtiles) character file.

Game seed: 7019829277400206722

501488 Angani the Sifu (level 24, -13/204 (216) HPs)
             Began as a Red Draconian Necromancer on Nov 26, 2022.
             Was the Champion of Wu Jian.
             Killed from afar by a tengu reaver (41 damage)
             ... with a bolt of acid
             ... on level 3 of the Depths on Nov 30, 2022.
             The game lasted 03:15:59 (61406 turns).

Angani the Sifu (Red Draconian Necromancer)        Turns: 61406, Time: 03:16:00

HP:   -13/204 (216) AC: 23    Str: 30    XL:     24   Next: 5%
MP:   36/36         EV: 41    Int: 22    God:    Wu Jian [******]
Gold: 988           SH:  0    Dex: 22    Spells: 15/37 levels left

rFire   + . .      SeeInvis .    a - +8 lajatang (freeze)
rCold   + . .      Faith    .    (shield currently unavailable)
rNeg    . . .      Spirit   .    (body armour unavailable)
rPois   +          Reflect  .    Y - +2 hood of the Assassin {Detection Stab+ Stlth++}
rElec   +          Harm     .    d - +2 cloak
rCorr   .          Rampage  .    l - +2 pair of gloves {Dex+3}
Will    ++++.                    H - +2 pair of boots "Fietot" {Str+8 Dex-5 Stlth+}
Stlth   ++++......               J - amulet "Duqeireg" {rPois rC+ Regen+ Int+2}
HPRegen 1.34/turn                W - ring "Lyurero" {Will++ Str+6 Int-2 Dex+7}
MPRegen 0.25/turn                V - ring of Ytoi {rElec Will+ Dex+5 Slay+4}

@: in a heavenly storm, flying, glowing, drained
A: breathe fire, AC +12, unfitting armour, fire resistance 1, cold-blooded, big
wings, hooves 1, dopey 1, strong 1
}: 2/15 runes: barnacled, gossamer
a: Breathe Fire, Renounce Religion, Wall Jump, Serpent's Lash, Heavenly Storm


You were on level 3 of the Depths.
You worshipped Wu Jian.
Wu Jian was exalted by your worship.
You visited 9 branches of the dungeon, and saw 43 of its levels.
You visited 1 bazaar.
You also visited: Ossuary.

You collected 6392 gold pieces.
You spent 5404 gold pieces at shops.

Inventory:

Hand Weapons
 a - a +8 lajatang of freezing (weapon)
 b - the +12 arbalest of Kojet {flame, rF+ Will+}
   (You bought it in a shop on level 15 of the Dungeon)

   Any ammunition fired from it burns those it strikes, dealing additional fire
   damage.
   rF:        It protects you from fire.
   Will:      It increases your willpower.
Missiles
 R - 9 throwing nets
Armour
 d - a +2 cloak (worn)
 l - a +2 pair of gloves of dexterity (worn)
 H - the +2 pair of boots "Fietot" (worn) {Str+8 Dex-5 Stlth+}
   (You found it on level 4 of the Spider Nest)

   Str:       It affects your strength (+8).
   Dex:       It affects your dexterity (-5).
   Stlth:     It makes you more stealthy.
 Y - the +2 hood of the Assassin (worn) {Detection Stab+ Stlth++}
   (You found it on level 3 of the Elven Halls)

   It allows the wearer to sense nearby creatures.
   It allows the wearer to make particularly effective stabbing attacks against
   helpless or unaware enemies with any weapon.
   Stlth:     It makes you much more stealthy.
Jewellery
 n - a ring of protection from fire
 J - the amulet "Duqeireg" (around neck) {rPois rC+ Regen+ Int+2}
   (You acquired it on level 5 of the Lair of Beasts)

   [amulet of regeneration]

   Int:       It affects your intelligence (+2).
   rC:        It protects you from cold.
   rPois:     It protects you from poison.
   Regen:     It increases your rate of health regeneration.
 Q - a ring of protection from fire
 V - the ring of Ytoi (right hand) {rElec Will+ Dex+5 Slay+4}
   (You found it on level 1 of the Vaults)

   [ring of willpower]

   Dex:       It affects your dexterity (+5).
   Slay:      It affects your accuracy & damage with ranged weapons and melee
   (+4).
   rElec:     It insulates you from electricity.
   Will:      It increases your willpower.
 W - the ring "Lyurero" (left hand) {Will++ Str+6 Int-2 Dex+7}
   (You bought it in a shop on level 2 of the Orcish Mines)

   [ring of strength]

   Str:       It affects your strength (+6).
   Int:       It affects your intelligence (-2).
   Dex:       It affects your dexterity (+7).
   Will:      It greatly increases your willpower.
Wands
 r - a wand of polymorph (16)
 s - a wand of digging (8)
 C - a wand of flame (49)
 E - a wand of roots (20)
 F - a wand of charming (32)
 P - a wand of quicksilver (48)
 T - a wand of mindburst (14)
Scrolls
 c - 10 scrolls of poison
 g - 7 scrolls of amnesia
 i - 12 scrolls of teleportation
 k - 5 scrolls of enchant armour
 m - 6 scrolls of blinking
 p - 9 scrolls of vulnerability
 v - 3 scrolls of torment
 w - 4 scrolls of magic mapping
 y - 5 scrolls of silence
 D - 9 scrolls of immolation
 I - 5 scrolls of fear
 N - 6 scrolls of butterflies
 S - 6 scrolls of summoning
Potions
 e - 9 potions of heal wounds
 h - 10 potions of mutation
 o - a potion of resistance
 q - 37 potions of curing
 t - 4 potions of haste
 u - 10 potions of flight
 x - 9 potions of ambrosia
 z - 6 potions of attraction
 A - 10 potions of lignification
 B - 7 potions of berserk rage
 G - 10 potions of might
 K - 8 potions of brilliance
 L - 5 potions of magic
 M - 3 potions of cancellation
 U - a potion of invisibility
Miscellaneous
 f - a condenser vane


   Skills:
 - Level 18.0 Fighting
 - Level 14.0 Staves
 - Level 18.0 Ranged Weapons
 - Level 18.0 Dodging
 - Level 18.0 Stealth
 - Level 7.0 Spellcasting
 - Level 5.4 Conjurations
 - Level 5.0 Necromancy
 - Level 6.2 Transmutations
 - Level 7.4 Fire Magic
 - Level 6.2 Poison Magic
 - Level 18.1 Invocations
 + Level 10.0 Evocations


You had 15 spell levels left.
You knew the following spells:

 Your Spells              Type           Power      Damage    Failure   Level
a - Olgreb's Toxic Radia  Pois           35%        N/A       6%          4
b - Vampiric Draining     Necr           29%        2d8       3%          3
c - Ignite Poison         Fire/Tmut/Pois 36%        N/A       1%          3
d - Animate Dead          Necr           29%        N/A       11%         4
e - Dispel Undead         Necr           29%        3d13      11%         4
f - Sticky Flame          Conj/Fire      36%        2d6       6%          4

Your spell library contained the following spells:

 Spells                   Type           Power      Damage    Failure   Level
 Kiss of Death            Conj/Necr      100%       2d13      1%          1
 Magic Dart               Conj           100%       1d8       1%          1
 Necrotise                Necr           100%       1d9       1%          1
 Sting                    Tmut/Pois      100%       1d8       1%          1
 Searing Ray              Conj           62%        2d6       1%          2
 Spider Form              Tmut/Pois      35%        N/A       1%          3
 Cigotuvi's Dreadful Rot  Necr/Pois/Air  48%        N/A       2%          2
 Poisonous Vapours        Pois/Air       42%        N/A       3%          2
 Mephitic Cloud           Conj/Pois/Air  24%        N/A       4%          3
 Inner Flame              Hex/Fire       24%        N/A       5%          3
 Freeze                   Ice            28%        1d5       9%          1
 Slow                     Hex            28%        N/A       9%          1
 Summon Small Mammal      Summ           28%        N/A       9%          1
 Hailstorm                Conj/Ice       19%        3d6       9%          3
 Kindle Blastsparks       Fire/Tloc/Air  36%        2d13      9%          3
 Blink                    Tloc           14%        N/A       12%         2
 Call Imp                 Summ           7%         N/A       12%         2
 Ensorcelled Hibernation  Hex/Ice        14%        N/A       12%         2
 Blade Hands              Tmut           17%        N/A       19%         5
 Call Canine Familiar     Summ           7%         N/A       24%         3
 Confusing Touch          Hex            7%         N/A       24%         3
 Frozen Ramparts          Ice            14%        1d3       24%         3
 Gell's Gravitas          Tloc           7%         N/A       24%         3
 Portal Projectile        Hex/Tloc       14%        N/A       24%         3
 Summon Guardian Golem    Hex/Summ       7%         N/A       24%         3
 Teleport Other           Tloc           7%         N/A       24%         3
 Tukima's Dance           Hex            7%         N/A       24%         3
 Fulminant Prism          Conj/Hex       9%         3d7       26%         4
 Iskenderun's Mystic Bla  Conj/Tloc      19%        2d6       26%         4
 Anguish                  Hex/Necr       9%         N/A       28%         4
 Agony                    Necr           29%        N/A       28%         5
 Cause Fear               Hex            3%         N/A       63%         4
 Leda's Liquefaction      Hex/Erth       3%         N/A       63%         4
 Manifold Assault         Tloc           7%         N/A       63%         4
 Passage of Golubria      Tloc           7%         N/A       63%         4
 Death Channel            Necr           14%        N/A       85%         6
 Lee's Rapid Deconstruct  Erth           3%         3d5*      92%         5
 Silence                  Hex/Air        3%         N/A       92%         5
 Statue Form              Tmut/Erth      14%        N/A       98%         6
 Iron Shot                Conj/Erth      9%         9d3       99%         6
 Simulacrum               Ice/Necr       9%         N/A       99%         6
 Dispersal                Tloc           3%         N/A       100%        6
 Storm Form               Tmut/Air       10%        N/A       100%        7
 Discord                  Hex            3%         N/A       100%        8
 Ignition                 Fire           20%        3d7       100%        8
 Lehudib's Crystal Spear  Conj/Erth      9%         10d4      100%        8
 Chain Lightning          Conj/Air       9%         3d12      100%        9
 Death's Door             Necr           14%        N/A       100%        9
 Fire Storm               Conj/Fire      18%        8d5       100%        9
 Shatter                  Erth           3%         3d7*      100%        9
 Animate Armour           Summ/Erth      Unusable   N/A       N/A         4

Dungeon Overview and Level Annotations

Branches:
Dungeon (15/15)            Temple (0/1) D:5            Lair (5/5) D:11
 Shoals (4/4) Lair:3       Spider (4/4) Lair:2        Slime (0/5) Lair:5
    Orc (2/2) D:9             Elf (3/3) Orc:2        Vaults (4/5) D:14
  Crypt (3/3) Vaults:2       Tomb (0/3) Crypt:3      Depths (3/4) D:15
Ossuary (visited)

Altars:
Ashenzari
Dithmenos
Elyvilon
Fedhas
Kikubaaqudgha
Makhleb
Uskayaw
Wu Jian
Xom
Yredelemnul
Jiyva
Lugonu

Shops:
D:3 (*?[:   D:6 :   D:12 *   D:15 (   Orc:2 (?=(   Elf:1 =   Elf:2 !?
Shoals:3 :   Vaults:1 !   Depths:2 ?

Portals:
Hell: Depths:1 Depths:2
Abyss: Depths:2
Pandemonium: Depths:2

Annotations:
Lair:4 exclusion: 4 oklob plants
Spider:3 2 transporters, Arachne; Neq Viff's ghost, journeyman FeSu; Noddigo's ghost, adept VSFi
Orc:2 1 runed translucent door, mopl's ghost, journeyman HOFi
Elf:2 3 runed translucent doors, exclusion: 6 doors, Faygit's ghost, adept BaIE
Vaults:3 3 runed translucent doors, RatherSlowDeath's ghost, adept GnRe
Crypt:2 1 runed translucent door, Dassydak's ghost, adept GrFi; Grunn
Crypt:3 Curse Toe and Curse Skull
Depths:1 4 transporters


Innate Abilities, Weirdness & Mutations

You can breathe blasts of fire.
Your fiery red scales are hard. (AC +12)
You cannot fit into any form of body armour.
Your flesh is heat resistant. (rF+)
You are cold-blooded and may be slowed by cold attacks.
Your large and strong wings let you fly.
You have large cloven feet.
You are dopey. (Int -2)
Your muscles are strong. (Str +4, Int/Dex -1)


Message History

The stone giant hits you!!
* * * LOW HITPOINT WARNING * * *
Unknown command.
Unknown command.
You spin and attack the tengu reaver.
You slash the tengu reaver! You freeze the tengu reaver.
The tengu reaver is severely wounded.
You spin and attack the dread lich.
You hit the dread lich.
The dread lich is severely damaged.
The dread lich completely misses you. The tengu reaver barely misses you.
The tengu reaver completely misses you.
The tengu reaver claws you but does no damage.
The dread lich completely misses you.
Unknown command.
Unknown command.
Unknown command.
Aiming: Wall Jump
Press: ? - help, Dir - move target You repeatedly attack the shadow dragon from above.
You slash the shadow dragon!
The shadow dragon is severely wounded.
You cut the shadow dragon into ribbons!!!
You freeze the shadow dragon.
You kill the shadow dragon!
The Council accepts your kill.
You repeatedly attack the stone giant from above.
You slice the stone giant!! You freeze the stone giant.
You tail-slap the stone giant!
You kill the stone giant!
The Council accepts your kill.
You repeatedly attack the dread lich from above.
You slice the dread lich like a ripe choko!!!
You freeze the dread lich.
You destroy the dread lich!
The Council accepts your kill.
Reactivating autopickup.
The spark wasp completely misses you.
The tengu reaver gestures at you while chanting.
The bolt of acid hits you!!!
You die...

#. ####.. ######.. ....
##...... ###'### . #.[.....
##.....## ###'##
......##§§§....## .....
....##§☼☼§.....##....##+
#..#§§@§§......#...##..
#{#Qy§§§..D...#...#...
#.§§§§§§[)...['...'...
#.#§§§☼☼...[.)....#...
{#)#☼§☼§§......(...##.. {
##{##☼☼☼☼....)......##u
#..{##...(.............
...D......{##................
............###'.............


You could see a tengu reaver and a spark wasp.

Vanquished Creatures
  A dread lich (Depths:3)
  Mara (Elf:3)
  2 juggernauts (Depths:3)
  Josephina (Crypt:2)
  Vv (Depths:2)
  A caustic shrike (Depths:3)
  5 golden dragons
  A Tzitzimitl (Crypt:2)
  A doom hound (Crypt:3)
  Zenata (Vaults:4)
  6 tentacled monstrosities
  3 liches (Depths:2)
  Asterion (Depths:2)
  A shard shrike skeleton (Crypt:2)
  A quicksilver dragon (Depths:2)
  A walking divine tome (Depths:2)
  2 deep elf blademasters (Elf:2)
  2 deep elf master archers (Elf:3)
  Frances (D:12)
  6 ancient champions
  8 krakens
  2 tengu reavers
  2 storm dragons
  5 sphinxes
  Kirke (D:14)
  3 revenants
  5 shadow dragons
  8 deep elf sorcerers (Elf:3)
  7 fire giants
  8 vault wardens
  6 frost giants
  3 ghost moths
  2 iron dragons (Depths:2)
  2 orc warlords
  12 ghouls
  A juggernaut zombie (Depths:1)
  A balrug (Depths:2)
  5 deep elf elementalists
  Louise (Shoals:4)
  8 ironbound thunderhulks
  A caustic shrike skeleton (Depths:1)
  22 ironbound preservers
  A spriggan defender (Depths:2)
  2 war gargoyles
  14 very ugly things
  11 stone giants
  A reaper (Crypt:3)
  8 vampire knights
  10 deep elf annihilators (Elf:3)
  3 broodmothers (Spider:4)
  Nessos (Lair:4)
  4 deep elf demonologists
  4 dire elephants
  2 eleionomae (Shoals:2)
  6 spark wasps
  7 ettins
  7 merfolk javelineers
  2 eidola (Crypt:1)
  2 crystal guardians (Vaults:4)
  7 deep elf death magi
  14 jiangshi
  11 fire dragons
  8 merfolk impalers
  A quicksilver dragon zombie (Crypt:1)
  6 deep elf high priests
  13 yaktaur captains
  2 entropy weavers
  5 great orbs of eyes
  4 hydras
  Harold (D:10)
  5 vault guards
  11 ice dragons
  4 rakshasas
  3 peacekeepers
  10 jorogumos
  4 radroaches
  30 centaur warriors
  6 spriggan air magi
  A catoblepas (Lair:2)
  A jorogumo (shapeshifter) (D:12)
  8 boulder beetles
  3 merfolk avatars
  3 deep troll shamans
  4 satyrs
  4 ironbound frosthearts
  2 ogre magi
  13 two-headed ogres
  9 death scarabs (Spider:4)
  6 merfolk aquamancers
  A death knight (Crypt:1)
  3 spriggan berserkers
  6 death yaks (Lair:4)
  13 tengu warriors
  20 dancing weapons
  7 vampire magi
  2 spectral emperor scorpions (Spider:4)
  4 orc high priests
  Sonja (Lair:4)
  8 deep troll earth magi
  5 soul eaters
  2 sun demons (Depths:2)
  6 hell knights
  15 deep elf knights
  4 pharaoh ants
  6 iron trolls
  A fire crab (Lair:5)
  Lodul (D:11)
  A salamander mystic (Depths:2)
  8 skeletal warriors
  2 shadow wraiths
  14 sea snakes
  62 deep trolls
  A spriggan druid (Elf:1)
  A sun moth (Spider:4)
  7 glowing orange brains
  5 orb spiders
  11 steelbarb worms
  4 bog bodies
  4 flayed ghosts
  3 spectral wolf spiders (Spider:4)
  A spriggan simulacrum (Crypt:2)
  16 ironbound convokers
  8 wizards
  A golden dragon skeleton (Depths:1)
  13 phantasmal warriors
  14 deep elf archers
  A shadow dragon zombie (Depths:1)
  10 lindwurms
  25 deep elf pyromancers
  13 orc knights
  5 harpies
  A broodmother zombie (Spider:4)
  15 wolf spiders
  8 necromancers
  16 manticores
  26 deep elf zephyrmancers
  42 ugly things
  2 salamanders (Depths:3)
  13 cyclopes
  9 orc sorcerers
  13 fauns
  2 moths of wrath (Spider:4)
  3 stone giant zombies (Depths:1)
  Maurice (Orc:2)
  8 black mambas
  A fire giant skeleton (Depths:1)
  A stone giant skeleton (Vaults:3)
  13 elephants
  11 merfolk sirens
  2 water nymphs (shapeshifter)
  2 molten gargoyles (Lair:5)
  A shock serpent zombie (Crypt:3)
  2 smoke demons (Depths:2)
  13 vault sentinels
  7 water nymphs
  5 torpor snails
  Maggie (D:7)
  A spectral redback (Spider:4)
  13 cane toads
  A gargoyle (D:12)
  A red draconian zombie (Crypt:1)
  A centaur skeleton (Crypt:3)
  A cane toad (shapeshifter) (D:12)
  6 rime drakes
  A sea snake zombie (Crypt:3)
  An efreet (D:14)
  16 komodo dragons
  4 demonic crawlers
  A yaktaur (shapeshifter) (Elf:2)
  39 yaktaurs
  A kobold demonologist (D:13)
  A redback zombie (Spider:4)
  An anaconda simulacrum (Crypt:2)
  4 freezing wraiths
  4 tengu conjurers
  A catoblepas skeleton (Crypt:2)
  2 tormentors
  A hellwing (Depths:2)
  7 meliai
  10 trolls
  2 human skeletons (Vaults:3)
  43 merfolk
  2 spectral tarantellas (Spider:4)
  A harpy zombie (Crypt:3)
  3 spectral culicivoras (Spider:4)
  A sea snake skeleton (Crypt:3)
  7 saltlings
  2 spectral jumping spiders (Spider:4)
  2 harpy skeletons (Crypt:2)
  3 hornets
  5 polar bears
  35 slime creatures
  20 tarantellas
  2 culicivora zombies (Spider:4)
  18 blink frogs
  An ettin zombie (Vaults:3)
  3 jumping spider zombies (Spider:4)
  13 snapping turtles
  An alligator zombie (Crypt:3)
  5 dream sheep
  27 jumping spiders
  6 wind drakes
  20 culicivoras
  5 flying skulls (Crypt:1)
  A centaur simulacrum (D:14)
  An air elemental (Elf:3)
  An ettin skeleton (Depths:1)
  3 vampires
  A shadow (D:10)
  4 wraiths
  A dire elephant simulacrum (Crypt:2)
  3 spriggans
  7 wyverns
  A black mamba skeleton (Crypt:2)
  3 fire elementals
  63 yaks
  14 water elementals
  3 hogs (D:14)
  4 steam dragons
  38 redbacks
  23 vampire mosquitoes
  5 basilisks
  A harpy simulacrum (Crypt:2)
  3 wargs
  A human zombie (Depths:1)
  4 swamp worms (Lair:2)
  4 glowing shapeshifter zombies
  3 acid dragons
  A two-headed ogre zombie (Crypt:2)
  20 water moccasins
  5 hell hounds (Lair:5)
  25 orc warriors
  A merfolk skeleton (Crypt:3)
  A glowing shapeshifter skeleton (Depths:1)
  A hornet zombie (Crypt:1)
  3 ice beasts
  An elephant zombie (Crypt:1)
  A cane toad skeleton (Crypt:2)
  A snapping turtle zombie (Crypt:1)
  2 black bears (Elf:1)
  13 ogres
  26 wolves
  A centaur (shapeshifter) (Depths:2)
  14 centaurs
  3 boggarts (Vaults:1)
  A torpor snail zombie (Crypt:3)
  A dream sheep skeleton (Crypt:3)
  A rime drake zombie (Crypt:3)
  A fire crab zombie (Crypt:3)
  2 kobold brigands
  20 bullfrogs
  6 necrophages
  A gnoll sergeant (D:9)
  3 scorpions
  2 water moccasin zombies (Ossuary)
  An earth elemental (Elf:3)
  5 wights (D:7)
  6 killer bees (D:10)
  2 vampire bats (D:14)
  A swamp dragon simulacrum (Crypt:3)
  2 howler monkeys
  5 electric eels
  A wolf zombie (Crypt:3)
  5 lava snakes (Lair:5)
  Crazy Yiuf (D:7)
  3 hounds
  5 jellies
  15 orc priests
  A gnoll bouda (D:6)
  3 iguanas
  A boggart zombie (Crypt:1)
  30 orc wizards
  A boggart skeleton (Crypt:1)
  A naga zombie (Crypt:2)
  An ogre zombie (Crypt:1)
  2 mummies (Ossuary)
  13 gnolls
  7 adders
  2 white imps
  3 ufetubi
  3 adder zombies (Ossuary)
  2 dart slugs (D:1)
  74 orcs
  4 bat skeletons
  3 bat zombies (D:14)
  8 endoplasms
  3 giant cockroaches
  7 goblins
  7 hobgoblins
  3 jackals (D:2)
  A quokka (D:3)
  5 ball pythons
  4 bats
  5 frilled lizards
  6 gnoll zombies (Ossuary)
  2 goblin skeletons
  5 hobgoblin zombies (Ossuary)
  20 kobolds
  4 kobold zombies (Ossuary)
  8 orc zombies (Ossuary)
  A quokka skeleton (Crypt:3)
  A quokka zombie (Crypt:2)
  4 rats
  7 briar patches (Lair:2)
  14 tentacles
2001 creatures vanquished.

Vanquished Creatures (collateral kills)
  Bai Suzhen (Shoals:4)
1 creature vanquished.

Vanquished Creatures (others)
  A very ugly thing (Vaults:2)
  A deep elf knight (Elf:2)
  A deep troll (Vaults:1)
  A deep elf pyromancer (Elf:1)
  A wizard (Vaults:4)
  A deep elf zephyrmancer (Elf:2)
  An elephant (Lair:5)
  A tengu conjurer (Depths:3)
  2 wolves (Lair:5)
  3 orc zombies (D:7)
  24 fungi
  10 pillars of salt (Orc:2)
  96 plants
  40 tentacles
183 creatures vanquished.

Grand Total: 2185 creatures vanquished

Notes
Turn   | Place    | Note
-------+----------+-------------------------------------------
     0 | D:1      | Angani the Draconian Necromancer began the quest for the
                  | Orb.
     0 | D:1      | Reached XP level 1. HP: 14/14 MP: 3/3
   302 | D:1      | Reached XP level 2. HP: 20/20 MP: 1/5
  1760 | D:2      | Reached XP level 3. HP: 26/26 MP: 5/7
  2132 | D:3      | Found an ornate altar of the Wu Jian Council.
  2138 | D:3      | Became a worshipper of the Wu Jian Council
  2184 | D:3      | Found Wygrot's Weapon Shop.
  2188 | D:3      | Found Feshraokue's General Store.
  2196 | D:3      | Bought a scroll of teleportation for 39 gold pieces
  2196 | D:3      | Bought a potion of curing for 39 gold pieces
  2267 | D:3      | Learned a level 3 spell: Vampiric Draining
  2271 | D:3      | Learned a level 3 spell: Ignite Poison
  2295 | D:3      | Found Caevud's Armour Shoppe.
  2311 | D:3      | Found Ramunost's Magic Scroll Emporium.
  2350 | D:3      | Found Yxzyleoda's Book Shoppe.
  2530 | D:3      | Found a faded altar of an unknown god.
  2583 | D:3      | Bought a scroll of identify for 20 gold pieces
  2789 | D:3      | Found an ancient bone altar of Kikubaaqudgha.
  2927 | D:3      | Reached skill level 5 in Necromancy
  2927 | D:3      | Reached XP level 4. HP: 33/33 MP: 9/9
  2966 | D:3      | Found a shimmering altar of Xom.
  3260 | D:4      | Noticed a scorpion
  3277 | D:4      | Killed a scorpion
  3278 | D:4      | Reached skill level 1 in Transmutations
  3278 | D:4      | Reached skill level 1 in Fire Magic
  3278 | D:4      | Reached skill level 1 in Poison Magic
  3278 | D:4      | Reached XP level 5. HP: 38/38 MP: 4/10
  3571 | D:4      | Found a blossoming altar of Fedhas.
  3681 | D:4      | Reached XP level 6. HP: 45/45 MP: 11/11
  3786 | D:4      | Reached * piety under Wu Jian
  4112 | D:5      | Entered Level 5 of the Dungeon
  4166 | D:5      | Found a sand-covered staircase.
  4186 | Ossuary  | Entered an ossuary
  4342 | Ossuary  | Reached ** piety under Wu Jian
  4702 | D:5      | Your scales start taking on a fiery red colour.
  4702 | D:5      | Reached XP level 7. HP: 50/50 MP: 10/13
  4702 | D:5      | Gained mutation: Your flesh is heat resistant. (rF+) [Red
                  | Draconian growth]
  4841 | D:5      | Found a staircase to the Ecumenical Temple.
  4988 | D:5      | Learned a level 4 spell: Animate Dead
  4993 | D:5      | Learned a level 4 spell: Dispel Undead
  5176 | D:6      | Reached skill level 5 in Spellcasting
  5278 | D:6      | Reached XP level 8. HP: 55/57 MP: 15/15
  5436 | D:6      | Reached skill level 5 in Fire Magic
  5636 | D:6      | Found Tejah's Book Boutique.
  6035 | D:7      | Reached *** piety under Wu Jian
  6120 | D:7      | Reached skill level 5 in Transmutations
  6166 | D:7      | Reached skill level 5 in Poison Magic
  6258 | D:7      | Noticed a two-headed ogre
  6267 | D:7      | Noticed a troll
  6270 | D:7      | Reached XP level 9. HP: 61/62 MP: 16/18
  6270 | D:7      | Noticed a boulder beetle
  6277 | D:7      | Killed a two-headed ogre
  6514 | D:7      | Noticed Maggie
  6525 | D:7      | Killed Maggie
  6539 | D:7      | Learned a level 4 spell: Sticky Flame
  6557 | D:7      | Reached skill level 1 in Conjurations
  6836 | D:7      | Killed a troll
  7041 | D:7      | Killed a boulder beetle
  7042 | D:7      | Reached skill level 5 in Conjurations
  7042 | D:7      | Reached XP level 10. HP: 49/69 MP: 13/20
  7140 | D:7      | Got Sif Muna's Folio of the Lamprey
  7571 | D:7      | Found a runed translucent door.
  7572 | D:7      | Noticed Crazy Yiuf
  7582 | D:7      | Killed Crazy Yiuf
  7765 | D:8      | Learned a level 4 spell: Olgreb's Toxic Radiance
  8125 | D:8      | Reached skill level 1 in Fighting
  8125 | D:8      | Reached skill level 1 in Staves
  8470 | D:8      | Found a broken altar of Ashenzari.
  9092 | D:9      | Reached **** piety under Wu Jian
  9468 | D:9      | Found a basalt altar of Yredelemnul.
  9503 | D:9      | Found a staircase to the Orcish Mines.
  9678 | D:9      | Found a burning altar of Makhleb.
  9866 | D:9      | Noticed a two-headed ogre
  9869 | D:9      | Killed a two-headed ogre
  9870 | D:9      | Reached skill level 5 in Fighting
  9974 | D:9      | Found a hide-covered altar of Uskayaw.
  9979 | D:9      | Reached skill level 5 in Staves
 10209 | Orc:1    | Entered Level 1 of the Orcish Mines
 10518 | D:3      | Bought the +2 quarterstaff of the Wilderness {venom, rF+
                  | Will++ SInv} for 470 gold pieces
 10680 | Orc:1    | Noticed a cyclops
 10683 | Orc:1    | Noticed a cyclops
 10686 | Orc:1    | Killed a cyclops
 10686 | Orc:1    | Killed a cyclops
 10687 | Orc:1    | Reached XP level 11. HP: 18/91 MP: 1/21
 11177 | Orc:1    | Reached ***** piety under Wu Jian
 11657 | Orc:2    | Entered Level 2 of the Orcish Mines
 11657 | Orc:2    | Noticed an orc high priest
 11657 | Orc:2    | Noticed an orc sorcerer
 11657 | Orc:2    | Noticed an orc knight
 11657 | Orc:2    | Noticed an orc sorcerer
 11659 | Orc:2    | Killed an orc sorcerer
 11660 | Orc:2    | Killed an orc sorcerer
 11662 | Orc:2    | Killed an orc high priest
 11662 | Orc:2    | Killed an orc knight
 11664 | Orc:2    | Noticed an orc high priest
 11768 | Orc:2    | Noticed an orc sorcerer
 11771 | Orc:2    | Killed an orc sorcerer
 11773 | Orc:2    | Killed an orc high priest
 12015 | Orc:2    | Noticed Maurice
 12018 | Orc:2    | Killed Maurice
 12671 | Orc:1    | Reached skill level 10 in Fighting
 12984 | Orc:2    | Reached XP level 12. HP: 90/106 MP: 11/22
 13568 | Orc:2    | Noticed a two-headed ogre
 13676 | Orc:2    | Killed a two-headed ogre
 13677 | Orc:2    | Reached skill level 10 in Staves
 13998 | Orc:2    | Found a staircase to the Elven Halls.
 14004 | Orc:2    | Found a runed translucent door.
 14005 | Orc:2    | Found a shimmering altar of Xom.
 14005 | Orc:2    | Noticed mopl's ghost (journeyman HOFi)
 14273 | Orc:2    | Noticed a two-headed ogre
 14277 | Orc:2    | Noticed an orc high priest
 14278 | Orc:2    | Killed a two-headed ogre
 14283 | Orc:2    | Killed an orc high priest
 14359 | Orc:2    | Found Pikhas's Antique Weapon Boutique.
 14364 | Orc:2    | Found Sidiok's Magic Scroll Boutique.
 14397 | Orc:2    | Reached ****** piety under Wu Jian
 14520 | Orc:2    | Found Osoziyz's Antique Weapon Shoppe.
 14552 | Orc:2    | Found Omanenu's Jewellery Shop.
 14778 | Orc:2    | Upgraded the game from 0.30-a0-374-g95c0257040 to
                  | 0.30-a0-377-g5cb311bc9f
 14856 | D:10     | Entered Level 10 of the Dungeon
 15684 | D:10     | Noticed Harold
 15690 | D:10     | Killed Harold
 15938 | D:11     | Noticed Lodul
 15942 | D:11     | Killed Lodul
 15943 | D:11     | Reached XP level 13. HP: 122/122 MP: 7/23
 16693 | D:11     | Found a staircase to the Lair.
 16788 | D:11     | You fall into a shaft and drop 1 floor!
 17038 | Lair:1   | Entered Level 1 of the Lair of Beasts
 18890 | Lair:2   | Found a transporter.
 18944 | Lair:2   | Found a transporter.
 19114 | Lair:2   | Identified the +3 hat of Ujoschugu {Regen+}
 19198 | Lair:2   | Found a hole to the Spider Nest.
 19922 | Lair:2   | Gained mutation: You are dopey. (Int -2) [potion of
                  | mutation]
 19922 | Lair:2   | Gained mutation: You have supernaturally acute eyesight.
                  | (SInv) [potion of mutation]
 19922 | Lair:2   | Gained mutation: Your muscles are strong. (Str +4, Int/Dex
                  | -1) [potion of mutation]
 19922 | Lair:2   | Gained mutation: You have an increased reservoir of magic.
                  | (+10% MP) [potion of mutation]
 19923 | Lair:2   | Lost mutation: You have an increased reservoir of magic.
                  | (+10% MP) [potion of mutation]
 19923 | Lair:2   | Lost mutation: You are dopey. (Int -2) [potion of mutation]
 19923 | Lair:2   | Gained mutation: You are dopey. (Int -2) [potion of
                  | mutation]
 19923 | Lair:2   | Gained mutation: You have large cloven feet. [potion of
                  | mutation]
 19923 | Lair:2   | Lost mutation: You have supernaturally acute eyesight.
                  | (SInv) [potion of mutation]
 19923 | Lair:2   | Gained mutation: Your large and strong wings let you fly.
                  | [potion of mutation]
 19966 | Lair:3   | Found a staircase to the Shoals.
 20138 | Lair:3   | Reached skill level 15 in Fighting
 20668 | Lair:3   | Reached XP level 14. HP: 127/135 MP: 2/24
 20998 | Lair:3   | Identified the +0 robe of Immorality {Fly Int+7}
 21352 | Orc:2    | Bought the ring "Lyurero" {Will++ Str+6 Int-2 Dex+7} for
                  | 877 gold pieces
 21545 | Lair:4   | Noticed Nessos
 21721 | Lair:4   | Killed Nessos
 21722 | Lair:4   | Reached skill level 5 in Dodging
 22080 | Lair:4   | You are sucked into a shaft and drop 1 floor!
 22080 | Lair:5   | Entered Level 5 of the Lair of Beasts
 22080 | Lair:5   | Found a staircase to the Slime Pits.
 22080 | Lair:5   | Found a viscous altar of Jiyva.
 22233 | Lair:5   | Found a large runed translucent door.
 22233 | Lair:5   | Found a large runed translucent door.
 22458 | Lair:5   | Reached skill level 10 in Dodging
 22991 | Lair:4   | Noticed Sonja
 22995 | Lair:4   | Killed Sonja
 23568 | Lair:5   | Reached skill level 1 in Invocations
 23573 | Lair:5   | Reached XP level 15. HP: 141/141 MP: 15/25
 23857 | Lair:5   | Identified a scroll of acquirement
 23857 | Lair:5   | Acquired the amulet "Duqeireg" {rPois rC+ Regen+ Int+2}
 24501 | D:12     | Noticed Frances
 24514 | D:12     | Killed Frances
 24700 | D:12     | Found Qawyo's Assorted Antiques.
 24725 | D:12     | Bought a scroll of identify for 60 gold pieces
 24846 | D:12     | Found the +5 robe of Misfortune {Harm *Corrode *Slow EV+5}
 24940 | D:12     | Reached skill level 5 in Invocations
 25625 | D:13     | Found a shimmering altar of Xom.
 26129 | D:14     | Found a gate to the Vaults.
 26246 | D:14     | Noticed Kirke
 26257 | D:14     | Killed Kirke
 26348 | D:14     | Found an ancient bone altar of Kikubaaqudgha.
 26899 | D:15     | Entered Level 15 of the Dungeon
 27203 | D:15     | Found Ugepa's Weapon Shop.
 27273 | D:15     | Found a staircase to the Depths.
 27377 | D:15     | Identified the ring of Ifuar {rElec rPois Will++ EV+4
                  | Str-2}
 27607 | D:15     | Found a shadowy altar of Dithmenos.
 27841 | D:14     | Reached XP level 16. HP: 149/149 MP: 26/26
 27941 | Spider:1 | Entered Level 1 of the Spider Nest
 28639 | Spider:1 | Reached skill level 10 in Invocations
 29319 | Spider:1 | You are sucked into a shaft and drop 1 floor!
 30907 | Spider:3 | Found a transporter.
 30924 | Spider:3 | Found a transporter.
 31142 | Spider:3 | Noticed Neq Viff's ghost (journeyman FeSu)
 31170 | Spider:3 | Noticed Arachne
 31194 | Spider:3 | Noticed Noddigo's ghost (adept VSFi)
 31353 | Spider:4 | Entered Level 4 of the Spider Nest
 31732 | Spider:4 | Reached skill level 15 in Dodging
 32260 | Spider:4 | Reached XP level 17. HP: 105/152 MP: 0/27
 32491 | Spider:4 | Paralysed by a jorogumo for 1 turns
 32857 | Shoals:1 | Entered Level 1 of the Shoals
 33510 | Shoals:1 | Noticed a kraken
 33522 | Shoals:1 | Reached skill level 15 in Invocations
 33532 | Shoals:1 | Killed a kraken
 33682 | Shoals:1 | Found a runed translucent door.
 33687 | Shoals:1 | Noticed a kraken
 33717 | Shoals:1 | Killed a kraken
 34011 | Shoals:1 | Noticed a kraken
 34030 | Shoals:1 | Killed a kraken
 34201 | Shoals:1 | Noticed a kraken
 34206 | Shoals:1 | Killed a kraken
 34844 | Shoals:2 | Noticed a kraken
 34849 | Shoals:2 | Killed a kraken
 35587 | Shoals:2 | Noticed a kraken
 35592 | Shoals:2 | Killed a kraken
 36480 | Shoals:3 | Found Jyhicann's Book Emporium.
 36862 | D:15     | Bought the +12 arbalest of Kojet {flame, rF+ Will+} for
                  | 1227 gold pieces
 37125 | Shoals:3 | Reached skill level 1 in Ranged Weapons
 37333 | Shoals:4 | Entered Level 4 of the Shoals
 37592 | Shoals:4 | Noticed Bai Suzhen
 37742 | Shoals:4 | Reached XP level 18. HP: 154/163 MP: 12/31
 37998 | Shoals:4 | Killed Bai Suzhen
 38033 | Shoals:4 | Reached skill level 5 in Ranged Weapons
 38160 | Shoals:4 | Noticed Louise
 38297 | Shoals:4 | Killed Louise
 38759 | Shoals:4 | Got a barnacled rune of Zot
 41233 | Spider:4 | Reached skill level 10 in Ranged Weapons
 41448 | Spider:4 | Identified the +2 pair of boots "Fietot" {Str+8 Dex-5
                  | Stlth+}
 41507 | Spider:4 | Got a gossamer rune of Zot
 41840 | Elf:1    | Entered Level 1 of the Elven Halls
 42162 | Elf:1    | Found Puih Omm's Jewellery Boutique.
 43055 | Elf:2    | Found a flickering gateway to a bazaar.
 43063 | Bazaar   | Entered a bazaar
 43094 | Bazaar   | Found Iczet's Magic Scroll Shoppe.
 43103 | Bazaar   | Found Cesmethi's Armour Shoppe.
 43118 | Bazaar   | Found Edus's Jewellery Shoppe.
 43126 | Bazaar   | Found Ufusk's Book Shoppe.
 43164 | Bazaar   | Bought a scroll of poison for 36 gold pieces
 43164 | Bazaar   | Bought a scroll of blinking for 67 gold pieces
 43164 | Bazaar   | Bought a scroll of teleportation for 27 gold pieces
 43164 | Bazaar   | Bought a scroll of immolation for 36 gold pieces
 43164 | Bazaar   | Bought a scroll of enchant armour for 67 gold pieces
 43205 | Elf:2    | Reached XP level 19. HP: 129/170 MP: 5/32
 43421 | Elf:2    | Found Xynua's Distillery.
 43439 | Elf:2    | Bought a potion of curing for 39 gold pieces
 43439 | Elf:2    | Bought a potion of heal wounds for 65 gold pieces
 43439 | Elf:2    | Bought a potion of heal wounds for 65 gold pieces
 43439 | Elf:2    | Bought a potion of curing for 39 gold pieces
 43439 | Elf:2    | Bought 2 potions of curing for 78 gold pieces
 43583 | Elf:2    | Found Nuxtuiw's Magic Scroll Shoppe.
 43712 | Elf:2    | Found a runed translucent gate.
 43712 | Elf:2    | Found a runed translucent gate.
 43713 | Elf:2    | Found a runed translucent gate.
 43716 | Elf:2    | Noticed Faygit's ghost (adept BaIE)
 43852 | Elf:2    | Found a runed translucent gate.
 43852 | Elf:2    | Found a runed translucent gate.
 43852 | Elf:2    | Found a runed translucent gate.
 44031 | Elf:2    | Found a viscous altar of Jiyva.
 44621 | Elf:3    | Entered Level 3 of the Elven Halls
 45169 | Elf:3    | Noticed Mara
 45181 | Elf:3    | Noticed Angani's illusion
 45403 | Elf:3    | Noticed Angani's illusion
 45420 | Elf:3    | Killed Mara
 45721 | Elf:3    | Reached skill level 15 in Ranged Weapons
 45873 | Elf:3    | Identified the +7 chain mail "Vilax" {+Inv rElec rCorr}
 46216 | Elf:3    | Identified the +9 scimitar of Conscience {freeze, Will+
                  | Dex+2 SInv}
 46352 | Elf:3    | Identified the +8 scimitar "Ofateydoq" {freeze, rPois Str+5
                  | Int+2}
 46494 | Elf:3    | Found the +2 hood of the Assassin {Detection Stab+ Stlth++}
 46505 | Elf:3    | Identified the +5 glaive "Uptenah" {spect, Int+3}
 46546 | Elf:3    | Identified the +2 scale mail "Seplylew" {Stlth+}
 46567 | Elf:3    | Identified the +7 long sword of Instant Death {vamp, Dex+4}
 46581 | Elf:3    | Identified the +2 plate armour of Xutu {Will+ Regen+
                  | Slay+4}
 47059 | Vaults:1 | Entered Level 1 of the Vaults
 47193 | Vaults:1 | Reached XP level 20. HP: 175/178 MP: 19/33
 47379 | Vaults:1 | Found Suadum's Distillery.
 47384 | Vaults:1 | Bought a potion of curing for 33 gold pieces
 47384 | Vaults:1 | Bought a potion of curing for 33 gold pieces
 47384 | Vaults:1 | Bought a potion of curing for 33 gold pieces
 47384 | Vaults:1 | Bought a potion of curing for 33 gold pieces
 47384 | Vaults:1 | Bought a potion of curing for 33 gold pieces
 47384 | Vaults:1 | Bought a potion of lignification for 33 gold pieces
 47384 | Vaults:1 | Bought 2 potions of lignification for 66 gold pieces
 47527 | Vaults:1 | Identified the ring of Ytoi {rElec Will+ Dex+5 Slay+4}
 48393 | Vaults:2 | Reached skill level 5 in Stealth
 48839 | Vaults:2 | Found a staircase to the Crypt.
 48839 | Vaults:2 | Found an ancient bone altar of Kikubaaqudgha.
 48840 | Vaults:2 | Found a basalt altar of Yredelemnul.
 49270 | Vaults:2 | Reached skill level 10 in Stealth
 49274 | Vaults:2 | Reached XP level 21. HP: 179/184 MP: 34/34
 50715 | Vaults:3 | Noticed a dread lich
 50716 | Vaults:3 | Found a runed translucent gate.
 50716 | Vaults:3 | Found a runed translucent gate.
 50716 | Vaults:3 | Found an ancient bone altar of Kikubaaqudgha.
 50716 | Vaults:3 | Noticed RatherSlowDeath's ghost (adept GnRe)
 50716 | Vaults:3 | Noticed an ancient lich
 50717 | Vaults:3 | Found a runed translucent gate.
 51581 | Vaults:4 | Noticed Zenata
 51583 | Vaults:4 | Killed Zenata
 51963 | Vaults:4 | Reached skill level 15 in Stealth
 52615 | Crypt:1  | Entered Level 1 of the Crypt
 52937 | Crypt:1  | Reached XP level 22. HP: 133/192 MP: 35/35
 54110 | Crypt:2  | Identified the ring "Ziocvauwn" {Ice rPois Str+3 Int-5}
 54110 | Crypt:2  | Noticed Josephina
 54111 | Crypt:2  | Killed Josephina
 54237 | Crypt:2  | Noticed Dassydak's ghost (adept GrFi)
 54248 | Crypt:2  | Found a runed translucent door.
 54596 | Crypt:3  | Entered Level 3 of the Crypt
 55011 | Crypt:3  | Noticed Grunn
 55911 | Crypt:3  | Found a staircase to the Tomb.
 56153 | Crypt:3  | Noticed a curse toe
 56519 | Depths:1 | Entered Level 1 of the Depths
 56519 | Depths:1 | Found a white marble altar of Elyvilon.
 57226 | Depths:1 | Found a gateway to Hell.
 57488 | Depths:1 | Found a transporter.
 57510 | Depths:1 | Found a transporter.
 57560 | Depths:1 | Found a transporter.
 57672 | Depths:1 | Found a transporter.
 57937 | Depths:2 | Noticed Vv
 57961 | Depths:2 | Killed Vv
 58010 | Depths:2 | Reached XP level 23. HP: 197/209 MP: 36/36
 58144 | Depths:2 | Found Laurph's Magic Scroll Boutique.
 58536 | Depths:2 | Identified the +7 dagger of Demonkind {freeze, rPois rC+
                  | Will+}
 58539 | Depths:2 | Identified the +6 shortbow of the Vaults {vorpal, rElec}
 58911 | Depths:2 | Bought a scroll of acquirement for 988 gold pieces
 58911 | Depths:2 | Acquired 548 gold pieces
 58913 | Depths:2 | Bought a scroll of enchant weapon for 142 gold pieces
 58913 | Depths:2 | Bought a scroll of teleportation for 57 gold pieces
 58913 | Depths:2 | Bought a scroll of magic mapping for 142 gold pieces
 58913 | Depths:2 | Bought a scroll of silence for 180 gold pieces
 58913 | Depths:2 | Bought 2 scrolls of poison for 152 gold pieces
 58913 | Depths:2 | Bought a scroll of butterflies for 76 gold pieces
 58913 | Depths:2 | Bought a scroll of butterflies for 76 gold pieces
 58913 | Depths:2 | Bought a scroll of vulnerability for 76 gold pieces
 59082 | Depths:2 | Found a corrupted altar of Lugonu.
 59082 | Depths:2 | Found a one-way gate to the infinite horrors of the Abyss.
 59158 | Depths:2 | Found a one-way gate leading to the halls of Pandemonium.
 59457 | Depths:2 | Noticed Asterion
 59475 | Depths:2 | Killed Asterion
 59856 | Depths:2 | Reached skill level 1 in Evocations
 60352 | Depths:3 | Noticed a juggernaut
 60361 | Depths:2 | Reached skill level 5 in Evocations
 61168 | Depths:3 | Killed a juggernaut
 61255 | Depths:3 | Noticed a juggernaut
 61366 | Depths:3 | Killed a juggernaut
 61367 | Depths:3 | Reached XP level 24. HP: 196/215 MP: 36/36
 61388 | Depths:3 | Noticed a dread lich
 61403 | Depths:3 | Reached skill level 10 in Evocations
 61406 | Depths:3 | Killed a dread lich
 61406 | Depths:3 | Killed from afar by a tengu reaver

Illustrated notes

Levels and vault maps discovered:
D:1:      saegor_arrival_under_anarchy, layout_loops_corners
D:2:      layout_loops_cross
D:3:      layout_basic, marbit_many_paths, mainiacjoe_overflow_alcove_2,
          nzn_wu_jian_council_hall,
          dreamdust_ecumenical_altar_angels_and_demons, serial_shops,
          nicolae_shop_statue_plus, nicolae_square_shop,
          nicolae_shop_statue_plus, nicolae_shop_stone, shop
D:4:      layout_basic, fedhas_ov_isle_minmay
D:5:      layout_rooms, minmay_temple_entry_statues_pillars, enter_ossuary_1
D:6:      layout_gridville, serial_shops, shop_fountains
D:7:      nzn_winding_woodlands_three_and_one
          [nzn_winding_woodlands_5x15_jagged, nzn_winding_woodlands_5x15_zeroes,
          nzn_winding_woodlands_5x15_lazy_stream,
          nzn_winding_woodlands_center_triple_pond], layout_basic,
          chequers_serial_rivers_micro_e, minmay_misc_feat_square,
          uniq_crazy_yiuf_cottage, uniq_maggie
D:8:      layout_layer_cave, mainiacjoe_overflow_catwalk
D:9:      layout_loops_ring, nicolae_uskayaw_murder_on_the_dancefloor,
          mainiacjoe_overflow_large_starburst, david_orc_2
D:10:     layout_basic, uniq_harold
D:11:     layout_gridville, lair_entry_dummy, uniq_lodul
D:12:     layout_rooms, serial_shops, shop, uniq_frances
D:13:     layout_small_grid, xom_confusion_cloud
D:14:     layout_irregular_city, david_vaults_2, kennysheep_vampire_church,
          uniq_kirke
D:15:     grunt_enter_depths_snipers, layout_irregular_city,
          minmay_misc_feat_iff, serial_shops, shop_statue, grunt_dithmenos_smoke
Lair:1:   layout_gridlike, chequers_serial_rivers_small_a, grunt_megastairs_1,
          lemuel_fruit_tree
Lair:2:   gammafunk_worm_tunnel, layout_regular_city, spider_nest_entry_webs,
          st_stairs_12
Lair:3:   layout_concentric_octagons, elwin_shoals_entry_stream, minivault_26,
          chequers_serial_rivers_large_b
Lair:4:   layout_cave_pods, dpeg_oklob_1, uniq_nessos, uniq_sonja
Lair:5:   cheibrodos_lair_end_hotspot, layout_misc_corridors,
          nicolae_slime_entry_slimehenge
Shoals:1: nicolae_shoals_lighthouse, layout_shoals, hangedman_shoals_cup_caves
Shoals:2: layout_shoals, nicolae_shoals_enchanted_isle
Shoals:3: layout_shoals, serial_shops, shop_fountains
Shoals:4: shoals_end_hangedman, layout_shoals, nicolae_shoals_secluded_bog,
          uniq_louise, uniq_bai_suzhen
Spider:1: layout_chambers, nicolae_spider_bzzzt
Spider:2: layout_spider_delve
Spider:3: layout_spider_delve, nzn_ghost_randoct
Spider:4: floodkiller_spider_rune_tomb, nicolae_spider_bug_shape, uniq_arachne
Orc:1:    layout_diamond_mine
Orc:2:    hellmonk_orc_salted, layout_caves, ebering_ghost_xom, uniq_maurice
Elf:1:    layout_geoelf_octagon, minivault_28, minmay_shop_enchanted_jewellery,
          kilobyte_rumbling_trees
Elf:2:    elven_hall_of_blades_hangedman_original [mumra_blade_entry_dagger],
          layout_geoelf_diagonals, gammafunk_ghost_ooze, serial_shops,
          bzr_entry_customers, shop, nicolae_stop_n_shop_1, drop_trap
Elf:3:    minmay_elf_hall_four_x, layout_loops_cross, uniq_mara
Vaults:1: ontoclasm_vaults_ligature, v_misc_32,
          vaults_mumra_minichess_inversion, vaults_room_grid,
          nicolae_vaults_bisected_exclaves, v_misc_22,
          nicolae_vaults_border_crossing, grunt_vaults_bifocal,
          vaults_room_corners, vaults_standard_mumra_enter_the_diamond,
          v_misc_13, serial_ice_b, nicolae_vaults_little_squares_2,
          layout_vaults_omnibox, serial_shops, shop
Vaults:2: minmay_crypt_entry_necro_gods, hangedman_vaults_nails,
          grunt_vaults_swirl, vaults_room_fours, v_alt_pattern_2, v_misc_11,
          vaults_mumra_lcd, ontoclasm_vaults_gateway, hangedman_vaults_nodes,
          ontoclasm_vaults_ring_large, st_check, ontoclasm_vaults_idyll,
          nicolae_vaults_little_squares_1, vaults_dpeg_diagonal,
          layout_vaults_maze_bifur
Vaults:3: gammafunk_ghost_crypt, vaults_room_hallway, st_cross,
          hangedman_vaults_locks, v_pattern_1, ontoclasm_vaults_spin,
          hangedman_vaults_pinch, v_misc_5, nicolae_vaults_theta,
          vaults_mumra_minichess, v_misc_14, nicolae_vaults_angled_halls,
          vaults_mumra_chevron, vaults_dpeg_hooks, vaults_room_stairs_pillars,
          layout_vaults_omnicross
Vaults:4: v_misc_2, nicolae_vaults_little_squares_6, vaults_room_pools,
          ontoclasm_vaults_fault, v_rooms_2, ontoclasm_vaults_loading_screen,
          nicolae_vaults_ring_of_whatevers, layout_vaults_omnigrid, uniq_zenata
Crypt:1:  layout_rooms, grunt_crypt_arrival_webbed
Crypt:2:  layout_misc_corridors, serial_glass, glass_columns_b, glass_columns_a,
          glass_columns_a, glass_columns_b, glass_columns_a, glass_columns_b,
          glass_columns_a, glass_columns_c, hellmonk_ghost_big_iron,
          uniq_josephina, uniq_margery
Crypt:3:  david_glass_crypt, layout_gridlike, uniq_grunn
Depths:1: layout_twisted_cross, elyvilon_altar_5, hell_entry, st_stairs_14,
          nicolae_diode_intersection
Depths:2: minmay_the_grid_octo_tiled_octocenter [minmay_the_grid_octo_odd_swirl,
          minmay_the_grid_octo_teeth, minmay_the_grid_octo_checkered,
          minmay_the_grid_octo_concentric, minmay_the_grid_octo_prize_big_c,
          minmay_the_grid_square_5x5_minibox,
          minmay_the_grid_square_5x5_trominoes, minmay_the_grid_square_5x5_z,
          minmay_the_grid_square_5x5_checkered_sparse], layout_gridlike,
          serial_shops, nicolae_shop_statue_plus, lightli_too_deep,
          abyss_entry_flame_altar, rand_demon_pan_entry_9,
          hellmonk_bongcloud_opening, infiniplex_staircase_zigzag_1, uniq_vv,
          uniq_asterion
Depths:3: minmay_octagon_city, layout_cave_pools, enter_ziggurat_c, hellmouth_1,
          nicolae_abyss_entry_one_way_or_another, serial_shops, shop_statue,
          serial_bayou_shore_b

Skill      XL: |  1  2  3  4  5  6  7  8  9 10 11 12 13 14 15 16 17 18 19 20 21 22 23 24 |
---------------+-------------------------------------------------------------------------+-----
Spellcasting   | 3 4 5 6 7 |  7.0
Necromancy     | 5 |  5.0
Transmutations | 1 2 3 5 6 |  6.2
Fire Magic     | 1 3 4 6 7 |  7.4
Poison Magic   | 1 2 3 5 6 |  6.2
Conjurations   | 5 |  5.4
Fighting       | 6 10 13 15 18 | 18.0
Staves         | 6 9 11 14 | 14.0
Dodging        | 3 11 13 15 18 | 18.0
Invocations    | 1 9 13 18 | 18.1
Ranged Weapons | 3 12 16 18 | 18.0
Stealth        | 10 16 18 | 18.0
Evocations     | 9 10 | 10.0

Action                   |  1- 3 |  4- 6 |  7- 9 | 10-12 | 13-15 | 16-18 | 19-21 | 22-24 || total
-------------------------+-------+-------+-------+-------+-------+-------+-------+-------++-------
Melee: Unarmed           |     7 |       |       |       |       |       |       |       ||     7
       Tailslap          |     1 |       |       |    32 |   285 |   365 |   224 |   330 ||  1237
       Quarterstaff      |       |       |       |   145 |  1469 |  1644 |   162 |       ||  3420
       Lajatang          |       |       |       |       |       |       |   934 |  1354 ||  2288
 Fire: Sling             |    24 |   226 |   156 |    14 |       |       |       |       ||   420
       Arbalest          |       |       |       |       |       |    10 |    29 |    50 ||    89
 Cast: Necrotise         |    62 |    21 |    39 |       |       |       |       |       ||   122
       Animate Dead      |       |       |     1 |       |       |       |       |       ||     1
       Dispel Undead     |       |       |     1 |       |       |       |       |       ||     1
       Sticky Flame      |       |       |     5 |     6 |       |       |       |       ||    11
       Ignite Poison     |       |       |     1 |   108 |    93 |   207 |    83 |     5 ||   497
       Olgreb's Toxic Ra |       |       |       |    83 |    79 |   181 |    77 |     4 ||   424
       Vampiric Draining |       |       |       |       |     1 |       |       |       ||     1
Invok: Lunge             |       |       |       |     9 |    49 |    88 |   126 |    82 ||   354
       Whirlwind         |       |       |       |       |   343 |   215 |   130 |   221 ||   909
       Serpent's Lash    |       |       |       |       |     1 |     3 |     7 |     8 ||    19
       Heavenly Storm    |       |       |       |       |     1 |       |     2 |     2 ||     5
 Abil: Breathe Fire      |       |       |    25 |    21 |    27 |    38 |    12 |    22 ||   145
       Wall Jump         |       |       |       |       |    23 |    19 |     8 |    15 ||    65
Evoke: Wand              |       |       |    10 |       |       |     1 |     1 |       ||    12
       Phantom mirror    |       |       |       |       |       |     1 |       |       ||     1
       Condenser vane    |       |       |       |       |       |       |       |     1 ||     1
  Use: Scroll            |     7 |     5 |     4 |     7 |    14 |     3 |    12 |     6 ||    58
       Potion            |       |     1 |       |     1 |     2 |     2 |     9 |     2 ||    17
 Stab: Sleeping          |       |       |       |     1 |     3 |     5 |    82 |    47 ||   138
       Petrified         |       |       |       |       |     5 |       |       |       ||     5
       Petrifying        |       |       |       |       |     1 |       |       |       ||     1
       Distracted        |       |       |       |       |     1 |     5 |     4 |    12 ||    22
Armor: Skin              |    11 |    84 |    74 |    65 |   327 |   410 |   282 |   405 ||  1658
Dodge: Dodged            |    18 |   107 |    92 |   143 |  1083 |  1741 |   850 |  1313 ||  5347

Table legend: (Time is in decaauts)
 A = Elapsed time spent in this place.
 B = Non-inter-level travel time spent in this place.
 C = Inter-level travel time spent in this place.
 D = Time resting spent in this place.
 E = Time spent auto-exploring this place.
 F = Levels seen in this place.
 G = Mean time per level.
                   A        B        C        D        E       F      G
               +--------+--------+--------+--------+--------+-----+--------+
         Total |  60672 |  56394 |   4278 |  16543 |  26636 |  45 | 1348.3 |
       Dungeon |  17379 |  15730 |   1649 |   3510 |   9594 |  15 | 1158.6 |
          Lair |   7859 |   7253 |    606 |   2118 |   3894 |   5 | 1571.8 |
        Shoals |   5845 |   5550 |    295 |   1710 |   2444 |   4 | 1461.2 |
   Spider Nest |   6628 |   6276 |    352 |   2027 |   2765 |   4 | 1657.0 |
  Orcish Mines |   4172 |   3881 |    291 |   2184 |   1112 |   2 | 2086.0 |
   Elven Halls |   4782 |   4569 |    213 |   1246 |   1779 |   3 | 1594.0 |
        Vaults |   5553 |   5207 |    346 |   1157 |   2829 |   4 | 1388.2 |
         Crypt |   3609 |   3246 |    363 |    871 |    999 |   3 | 1203.0 |
        Depths |   4323 |   4163 |    160 |   1574 |   1160 |   3 | 1441.0 |
        Bazaar |    115 |    115 |      0 |      3 |     60 |   1 |  115.0 |
       Ossuary |    403 |    403 |      0 |    141 |      0 |   1 |  403.0 |
               +--------+--------+--------+--------+--------+-----+--------+

Top non-repeatable levels by time:
Spider:4: 3041 daAuts
Depths:2: 2789 daAuts
Shoals:4: 2339 daAuts
   Orc:2: 2220 daAuts
  Lair:3: 2119 daAuts
Spider:1: 1979 daAuts
   Orc:1: 1951 daAuts
     D:7: 1828 daAuts
   Elf:3: 1794 daAuts
   Elf:2: 1778 daAuts
Vaults:2: 1763 daAuts
     D:9: 1725 daAuts
  Lair:2: 1630 daAuts
  Lair:4: 1469 daAuts
    D:10: 1463 daAuts
